groovejumper, neutral female human Wizard ------------- ----- |...........| #....0| --------------- ----- |......%....-######|....| |>............| |![.| |.......<...| |....| #..............| |!!.-@ --+---------- --.--- #|.............| |...|q ####### #---.---------.- |!!.## # ## ########### -----# ### # # # # # ### # ## # ##*############ # --------|------# -.---.-- # #-.............|# |......| # ------+---- ###|.............|# |......| ###|.........| # |.............|# |......| #..........-########### |..............# |......| |.........| --------------- |......| ----------- |......| -------- groovejumper the Thaumaturge Experience level: 6 Strength: 12 Dexterity: 11 Constitution: 14 Intelligence: 18 Wisdom: 10 Charisma: 11 Health: 0(50) Energy: 43(60) AC: 9 Gold: 550 Moves: 1979 Your Inventory: Coins $ - 550 gold pieces Weapons a - a blessed +1 quarterstaff (weapon in hands) Armor b - a blessed +0 cloak of magic resistance (being worn) Comestibles n - an [uncursed] tripe ration o - an [uncursed] food ration z - 2 [uncursed] carrots Scrolls i - 2 uncursed scrolls of enchant armor j - an uncursed scroll of identify p - 2 [uncursed] scrolls labeled ZLORFIK [of enchant weapon] r - a [cursed] scroll labeled HAPAX LEGOMENON [of destroy armor] Spellbooks k - a blessed spellbook of force bolt l - an uncursed spellbook of cure sickness Potions g - 3 uncursed potions of water h - an uncursed potion of oil s - an [uncursed] potion of water y - an [uncursed] icy potion [of see invisible] E - an [uncursed] potion of water Rings d - an uncursed ring of see invisible e - an uncursed ring of teleportation D - an [uncursed] ring of see invisible Wands c - an uncursed wand of make invisible (0:8) Tools m - an uncursed blindfold w - an [uncursed oil] lamp B - an [uncursed] leash Gems q - an [uncursed] gray stone [touchstone] Spells known in the end: Name Level Category Fail Memory a - force bolt 1 attack 0% [||||||||] b - cure sickness 3 healing 77% [||||||||] Your skills at the end: Fighting Skills Weapon Skills quarterstaff [Basic / Expert] Spellcasting Skills attack spells [Basic / Expert] enchantment spells [Basic / Skilled] Final Attributes: You were devoutly aligned. Hunger level was 707. Your alignment was 19 / 19. Monster difficulty range was 0 - 5. Level difficulty was 4. You were magic-protected. You were telepathic. Your luck was zero. You are dead. Vanquished creatures: a small mimic a shrieker 2 floating eyes a kobold lord a rothe a giant bat a dwarf zombie 2 iguanas an acid blob a gas spore 2 hobbits a hobgoblin a brown mold a gnome zombie 2 geckos 5 jackals a fox a kobold 2 goblins 2 sewer rats 7 grid bugs a lichen a kobold zombie a newt 40 creatures vanquished. Voluntary challenges: You were an atheist. You used a wielded weapon 36 times. You read items or engraved 3 times. You put on armor 1 time. You never genocided any monsters. You never polymorphed an object. You never changed form. You used no wishes. You wrote Elbereth's name 1 time. You never encountered a bones level. You never used any Sokoban shortcuts. Dungeon overview: The Dungeons of Doom: levels 1 to 4 Level 1 a fountain a long staircase Level 2 a long staircase Level 3 a fountain Level 4 <- You were here a potion shop History has recorded: On T:1 you entered the Dungeons of Doom to retrieve the Amulet of Yendor! On T:404 you reached level 2 of The Dungeons of Doom. On T:464 you advanced to experience level 2. On T:631 you advanced to experience level 3. On T:1109 you reached level 3 of The Dungeons of Doom. On T:1156 you advanced to experience level 4. On T:1622 you advanced to experience level 5. On T:1690 you reached level 4 of The Dungeons of Doom. On T:1966 you advanced to experience level 6. Latest messages: [HP+1=24] You see here a small mimic corpse (5 zorkmids). You see here a potion of water (5 zorkmids). "For you, most gracious lady; only 5 for this potion of water." E - a potion of water (unpaid, 5 zorkmids). You see here an icy potion (50 zorkmids). Taro eats a small mimic corpse. You see here a gooey potion (133 zorkmids). [HP+1=25] You bought a potion of water for 5 gold pieces. "Thank you for shopping in Syktywkar's liquor emporium!" The rothe hits! The rothe bites! (2x) [HP-7=18] The rothe hits! The rothe bites! (2x) [HP-11=7] You write "Elbereth" with your fingers into the dust. The rothe hits! The rothe bites! (2x) You die... Final status: Goodbye groovejumper the Wizard... You died in The Dungeons of Doom on dungeon level 4 with 1893 points, and 550 pieces of gold, after 1979 moves. You were level 6 with a maximum of 50 hit points when you died.